 Dungeon Crawl Stone Soup version 0.16.1-2-g95b8d4c (webtiles) character file.

147 Chiseanne the Insei (level 5, -6/28 HPs)
             Began as a Vine Stalker Monk on Mar 24, 2015.
             Mangled by an ogre
             ... wielding a +0 giant club
              (25 damage)
             ... on level 4 of the Dungeon.
             The game lasted 00:07:29 (2516 turns).

Chiseanne the Insei (Vine Stalker Monk)             Turns: 2516, Time: 00:07:29

Health: -6/28      AC:  6    Str: 13    XL:     5   Next: 29%
Magic:  0/7        EV: 10    Int: 10    God:
Gold:   102        SH:  0    Dex: 18    Spells: 0 memorised, 4 levels left

rFire  . . .     SeeInvis .       - Unarmed
rCold  . . .     Clarity  .     k - +0 scale mail
rNeg   . . .     SustAb   +     (no shield)
rPois  .         Gourm    .     (no helmet)
rElec  .         Spirit   +     (no cloak)
rCorr  .         Warding  .     (no gloves)
rMut   .         Stasis   .     (no boots)
MR     .....                    (no amulet)
Stlth  +.........               (no ring)
                                o - ring of sustain abilities

@: not resistant to hostile enchantments, very unstealthy
A: fangs 2, regeneration 1, magic shield, antimagic bite, no device heal 3, rot
immunity
a: no special abilities


You were on level 4 of the Dungeon.
You were not hungry.

You visited 1 branch of the dungeon, and saw 4 of its levels.

You collected 102 gold pieces.

Inventory:

Missiles
 e - 14 tomahawks (quivered)
 n - 13 poisoned needles
Armour
 k - a +0 scale mail (worn)
Jewellery
 o - a ring of sustain abilities (left hand)
Magical devices
 g - a wand of teleportation (0)
Scrolls
 h - a scroll of remove curse
 q - a scroll of recharging
Potions
 a - 3 potions of brilliance
 c - a potion of mutation
 d - 2 potions of haste {unknown}
 i - a potion of agility {unknown}
 j - a potion of curing {unknown}
 l - a potion of heal wounds {unknown}
Books
 f - a book of Changes

   Spells                             Type                      Level
   a - Beastly Appendage              Transmutation                1
   b - Sticks to Snakes               Transmutation                2
   c - Spider Form                    Transmutation/Poison         3
   d - Ice Form                       Ice/Transmutation            4
   e - Blade Hands                    Transmutation                5
Comestibles
 b - 4 bread rations
 m - a meat ration
 p - a slice of pizza
 r - a beef jerky
 s - a chunk of flesh


   Skills:
 - Level 3.1 Fighting
 + Level 2.4 Armour
 - Level 3.0 Dodging
 - Level 2.4 Stealth
 - Level 4.6 Unarmed Combat


You had 4 spell levels left.
You didn't know any spells.

Dungeon Overview and Level Annotations

Branches:
Dungeon (4/15)
 Temple: D:4-7

Altars:
Kikubaaqudgha
Zin

Annotations:
D:4 Robin; ghwc's ghost, average DEFi


Innate Abilities, Weirdness & Mutations

You have extremely sharp teeth.
Your natural rate of healing is unusually fast.
When hurt, damage is shared between your health and your magic reserves.
Your bite disrupts and absorbs the magic of your enemies.
Potions and wands cannot restore your health.
You are immune to rotting.


Message History

The bat barely misses you. The bat closely misses you.
You hit the bat but do no damage. You bite the bat. You drain its power.
You kill the bat!
b - 4 bread rations (gained 1)
An ogre comes into view. It is wielding a giant club.
The ogre shouts!
Evoke which item? (* to show all) (? for menu, Esc to quit)
Okay, then.
Throwing (i - inventory):
e - 15 tomahawks (quivered)
Press: ? - help, Shift-Dir - straight line, f - ogre
Aim: an ogre, wielding a giant club You throw a tomahawk.
The tomahawk barely misses the ogre.
The ogre hits you with a giant club!
You closely miss the ogre. You closely miss the ogre. You punch the ogre.
You bite the ogre. You drain its power.
You feel invigorated.
The ogre is lightly wounded.
The ogre hits you with a giant club!!
Ouch! That really hurt!
You die...

#.. #.. #.. ### ### ##
###.# ###. #####...#
##########... #....(.#.#
#......#...#. #O@#
#........###. #.##
#......###.). ##.#
##........†.# #..#
#.....>...## #..#
#.......>.# #.##
##....##.## #.#
###..#.###.# ..# #.#
#......#...#
......#.#####...##...###


You could see an ogre.

Vanquished Creatures
  Terence (D:2)
  4 adders
  A giant mite (D:3)
  4 worms
  An adder skeleton (D:4)
  2 orcs (D:3)
  12 bats
  4 giant cockroaches
  9 goblins
  4 hobgoblins
  3 kobolds
  5 giant geckos
  3 giant newts (D:2)
  6 rats
59 creatures vanquished.

Notes
Turn   | Place    | Note
--------------------------------------------------------------
     0 | D:1      | Chiseanne, the Vine Stalker Monk, began the quest for the Orb.
     0 | D:1      | Reached XP level 1. HP: 11/11 MP: 1/1
   242 | D:1      | Reached XP level 2. HP: 13/16 MP: 3/3
   952 | D:2      | Found a glowing silver altar of Zin.
  1050 | D:2      | Reached XP level 3. HP: 12/20 MP: 4/4
  1285 | D:2      | Found an ancient bone altar of Kikubaaqudgha.
  1286 | D:2      | Noticed Terence
  1325 | D:2      | Killed Terence
  1325 | D:2      | Reached XP level 4. HP: 13/24 MP: 3/5
  1818 | D:3      | Reached skill level 1 in Armour
  1988 | D:3      | Reached XP level 5. HP: 22/28 MP: 7/7
  2341 | D:4      | Noticed Robin
  2341 | D:4      | Noticed an ogre
  2341 | D:4      | Noticed ghwc's ghost (average DEFi)
  2512 | D:4      | Noticed an ogre
  2516 | D:4      | Mangled by an ogre

Action                   |  1- 3 |  4- 6 || total
-------------------------+-------+-------++-------
Melee: Unarmed           |    96 |   134 ||   230
Throw: Tomahawk          |     1 |     1 ||     2
  Use: Scroll            |     9 |       ||     9
  Eat: Chunk             |     1 |     4 ||     5
